 Dungeon Crawl Stone Soup version 0.20-a0-217-g17e8ceb (webtiles) character file.

788 Karnivor the Digger (level 7, -2/36 HPs)
             Began as a Gargoyle Earth Elementalist on Nov 28, 2016.
             Killed by divine providence
             ... invoked by an orc priest
              (13 damage)
             ... on level 4 of the Dungeon.
             The game lasted 00:15:36 (4844 turns).

Karnivor the Digger (Gargoyle Earth Elementalist)   Turns: 4844, Time: 00:15:36

Health: -2/36      AC:  8    Str: 12    XL:     7   Next: 87%
Magic:  3/14       EV: 17    Int: 17    God:
Gold:   183        SH:  0    Dex: 10    Spells: 6/15 levels left

rFire  . . .     SeeInvis +     r - +3 quarterstaff (chaos)
rCold  . . .     Gourm    .     c - +0 robe
rNeg   + . .     Faith    .     (shield currently unavailable)
rPois  ∞         Spirit   .     (no helmet)
rElec  +         Reflect  .     s - +1 cloak
rCorr  .         Harm     .     (no gloves)
MR     .....                    (no boots)
Stlth  ++........               (no amulet)
                                y - ring of see invisible
                                m - +5 ring of evasion

@: very slightly contaminated
A: negative energy resistance 1, electricity resistance, unbreathing,
petrification resistance, rot immunity, AC +4
a: no special abilities


You were on level 4 of the Dungeon.
You were not hungry.

You visited 1 branch of the dungeon, and saw 4 of its levels.

You collected 183 gold pieces.

Inventory:

Hand Weapons
 p - a +1 flail
 r - a +3 quarterstaff of chaos (weapon)
Missiles
 b - 112 stones (quivered)
Armour
 c - a +0 robe (worn)
 s - a +1 cloak (worn)
Jewellery
 m - a +5 ring of evasion (left hand)
 x - an uncursed ring of fire
 y - a ring of see invisible (right hand)
Wands
 l - a wand of flame (27/48)
 q - a wand of enslavement (14/24)
Scrolls
 a - a scroll of remove curse
 i - 2 scrolls of immolation
 k - a scroll of recharging
 n - a scroll of teleportation
 v - a scroll of fear {unknown}
Potions
 f - 2 potions of magic
 g - 2 potions of curing
 o - a potion of degeneration {unknown}
 t - 2 potions of agility {unknown}
 u - 2 potions of invisibility {unknown}
 w - a potion of heal wounds {unknown}
Books
 e - a book of Geomancy

   Spells                             Type                      Level
   a - Sandblast                      Earth                        1
   b - Passwall                       Transmutation/Earth          2
   c - Stone Arrow                    Conjuration/Earth            3
   d - Petrify                        Transmutation/Earth          4
   e - Lee's Rapid Deconstruction     Earth                        5
Comestibles
 d - 5 bread rations
 h - 5 fruits
 j - 2 meat rations


   Skills:
 - Level 1.5 Dodging
 - Level 2.1 Stealth
 + Level 4.9 Spellcasting
 + Level 4.8 Conjurations
   Level 0.7 Transmutations
 + Level 7.1 Earth Magic


You had 6 spell levels left.
You knew the following spells:

 Your Spells              Type           Power        Failure   Level  Hunger
a - Sandblast             Erth           ####..       1%          1    None
b - Stone Arrow           Conj/Erth      ###...       4%          3    ###....
c - Lee's Rapid Deconstr  Erth           ####......   24%         5    ######.


Dungeon Overview and Level Annotations

Branches:
Dungeon (4/15)
 Temple: D:4-7

Altars:
Gozag
Trog


Innate Abilities, Weirdness & Mutations

You are resistant to torment.
Your stone body is resilient. (AC +4)
You are immune to poison.
You resist negative energy. (rN+)
You are resistant to electric shocks. (rElec)
You can survive without breathing.
You are immune to petrification.
You are immune to rotting.


Message History

The orc priest is severely wounded.
The orc priest casts a cantrip, but nothing happens.
The orc priest invokes the aid of Beogh against you.
Beogh smites you!
You closely miss the orc priest.
The orc priest is severely wounded.
The orc priest hits you but does no damage.
Casting: Lee's Rapid Deconstruction
Confirm with . or Enter, or press ? or * to list all spells.
You don't know that spell.
Unknown command.
Casting: Lee's Rapid Deconstruction
Confirm with . or Enter, or press ? or * to list all spells.
Aiming: Stone Arrow
Press: ? - help, Shift-Dir - straight line, f - orc priest
Aim: an orc priest, wielding a dagger (severely wounded)
You miscast Stone Arrow.
Your skin tingles.
The orc priest mumbles some strange prayers to Beogh against you.
Beogh smites you!
You die...

# ........# #............. #
........# #......##'#... #
.......÷# #......##.#... #
.......##########......##.####
# .######
.......'......##.#### #
.#######......##.#... #
#..........##.#.## #
#.#....######.#... #@######
#.#.#. #o# #.###. #.. #.....
.... ###### ###.. .## .. #?


You could see an orc priest.

Vanquished Creatures
  Grinder (D:3)
  An ogre (D:4)
  A phantom (D:4)
  A centaur zombie (D:3)
  A centaur skeleton (D:4)
  Crazy Yiuf (D:3)
  3 orc wizards (D:4)
  An iguana (D:4)
  4 worker ants (D:4)
  A howler monkey skeleton (D:4)
  An adder (D:3)
  A shadow imp (D:4)
  2 oozes
  2 adder skeletons (D:4)
  A worm (D:4)
  4 leopard geckos
  16 orcs
  2 ball pythons (D:3)
  10 bats
  3 giant cockroaches
  5 goblins
  8 hobgoblins
  4 jackals (D:3)
  2 frilled lizards
  8 kobolds
  8 rats
92 creatures vanquished.

Notes
Turn   | Place    | Note
-------+----------+-------------------------------------------
     0 | D:1      | Karnivor the Gargoyle Earth Elementalist began the quest for the Orb.
     0 | D:1      | Reached XP level 1. HP: 10/10 MP: 3/3
   342 | D:1      | Reached XP level 2. HP: 15/15 MP: 1/5
   563 | D:1      | Reached skill level 4 in Earth Magic
  1412 | D:1      | Reached XP level 3. HP: 19/19 MP: 3/6
  1523 | D:2      | Learned a level 3 spell: Stone Arrow
  2364 | D:3      | Found an opulent altar of Gozag.
  2368 | D:3      | Reached XP level 4. HP: 19/24 MP: 6/8
  2465 | D:3      | Noticed Grinder
  2476 | D:3      | Killed Grinder
  2476 | D:3      | Reached skill level 5 in Earth Magic
  2476 | D:3      | Reached XP level 5. HP: 25/28 MP: 0/10
  2476 | D:3      | Reached XP level 6. HP: 29/32 MP: 0/11
  2483 | D:3      | Learned a level 5 spell: Lee's Rapid Deconstruction
  2563 | D:3      | Found a bloodstained altar of Trog.
  3138 | D:3      | Found a runed door.
  3271 | D:3      | Noticed Crazy Yiuf
  3275 | D:3      | Killed Crazy Yiuf
  3350 | D:4      | Noticed a phantom
  3457 | D:4      | Killed a phantom
  3457 | D:4      | Reached skill level 6 in Earth Magic
  3457 | D:4      | Reached XP level 7. HP: 30/36 MP: 8/13
  4418 | D:4      | Reached skill level 7 in Earth Magic
  4844 | D:4      | Killed from afar by an orc priest

Vault maps used:
D:1:      minmay_arrival_three_doors
D:3:      nicolae_overflow_crystal_walls, nicolae_gozag_seed_capital,
          uniq_crazy_yiuf_cottage, uniq_grinder

Skill      XL: |  1  2  3  4  5  6  7 |
---------------+----------------------+-----
Earth Magic    | 4 5 6 7 |  7.1
Spellcasting   | 3 4 |  4.9
Conjurations   | 2 3 4 |  4.8
Dodging        | |  1.5
Stealth        | |  2.1
Transmutations | |  0.7

Action                   |  1- 3 |  4- 6 |  7- 9 || total
-------------------------+-------+-------+-------++-------
Melee: Unarmed           |    10 |       |       ||    10
       Short sword       |    60 |       |       ||    60
       Flail             |     2 |    43 |       ||    45
       Quarterstaff      |       |    14 |    85 ||    99
 Cast: Sandblast         |    54 |    32 |     1 ||    87
       Stone Arrow       |       |       |     6 ||     6
  Use: Scroll            |     7 |       |     1 ||     8
 Stab: Sleeping          |     3 |       |     2 ||     5
       Petrifying        |       |       |     2 ||     2
  Eat: Chunk             |     3 |     1 |     5 ||     9
       Meat ration       |     1 |       |       ||     1
Armor: Robe              |    26 |    23 |    23 ||    72
Dodge: Dodged            |    84 |   101 |    62 ||   247
